Workbook

Sheet rekening schema
A1: REKENING SCHEMA
A3: nummer | B3: omschrijving | C3: toelichting
B5: vaste activa
A6: 10 | B6: pand in eigendom
A7: 15 | B7: investeringen aan pand
A8: 20 | B8: transportmiddelen
A9: 25 | B9: interne transportmiddelen
A10: 30 | B10: koel- en vries apparatuur
A11: 50 | B11: inventaris
A12: 60 | B12: computer / IT middelen
B15: vlottende activa
A16: 201 | B16: vorderingen
A17: 202 | B17: vooruitbetaalde huur en service kosten
A18: 203 | B18: overige vooruitbetaalde bedragen
A19: 204 | B19: verstrekte leningen
A20: 205 | B20: overige vorderingen
A22: 291 | B22: bank 1
A23: 292 | B23: bank 2
A24: 293 | B24: bank 3
B27: eigen vermogen
A28: 301 | B28: algemene/continuïteits reserve
A29: 302 | B29: nalatenschappen
A30: 303 | B30: vrije reserve
A31: 401 | B31: Bestemmings Fonds 1
A32: 402 | B32: Bestemmings Fonds 2
A33: 403 | B33: Bestemmings Fonds 3
A34: 404 | B34: Bestemmings Fonds 4
A35: 405 | B35: Bestemmings Fonds 5
A36: 501 | B36: Bestemmings Reserve 1
A37: 502 | B37: Bestemmings Reserve 2
A38: 503 | B38: Bestemmings Reserve 3
A39: 504 | B39: Bestemmings Reserve 4
... A46: 800 | B46: vreemd vermogen op lange termijn
B49: kort vreemd vermogen
A50: 901 | B50: schulden < 1 jaar
A51: 902 | B51: crediteuren
A52: 950 | B52: vooruitontvangen bedragen
A53: 991 | B53: nog te betalen rente en bankkosten
A54: 992 | B54: nog te betalen accountants/kas commissie kosten
A55: 993 | B55: nog te betalen belastingen/overheidsheffingen
A56: 994 | B56: overige schulden
B59: algemene kosten
A60: 4001 | B60: verzekeringen excl. autoverzekeringen
A61: 4002 | B61: adviseurs- en notariskosten
A62: 4003 | B62: representatiekosten (t.b.v. derden)
A63: 4004 | B63: reiskosten
A64: 4009 | B64: overige algemene kosten
B67: communicatie kosten
A68: 4050 | B68: website
A69: 4051 | B69: drukwerk
A70: 4052 | B70: porto kosten
A71: 4053 | B71: stands/marktkramen
A72: 4054 | B72: PR kosten
A73: 4059 | B73: overige communicatiekosten
B76: huisvesting kosten
A77: 4101 | B77: huur
A78: 4102 | B78: energie
A79: 4103 | B79: OZB
A80: 4104 | B80: waterschapslaten
A81: 4105 | B81: onderhoudskosten gebouw
A82: 4106 | B82: schoonmaakkosten
A83: 4107 | B83: vuil container
A84: 4108 | B84: kosten beveiliging
A85: 4199 | B85: overige huisvesting kosten
B88: exploitatie kosten
A89: 4201 | B89: aankopen gebruiksvoorwerpen < € 450,00
A90: 4202 | B90: afdracht aan RDC
A91: 4299 | B91: overige exploitatie kosten
A94: 4300 | B94: kosten aanschaf voedsel
B97: transportkosten
A98: 4401 | B98: brandstof kosten
A99: 4402 | B99: onderhoud/reparaties
A100: 4403 | B100: motorrijtuigenbelasting
A101: 4404 | B101: auto verzekeringen
A102: 4405 | B102: auto huur
A103: 4406 | B103: kilometer vergoeding voor operationele handelingen
A104: 4499 | B104: overige transport kosten
B107: kosten vrijwilligers
A108: 4501 | B108: Lief en Leed
A109: 4502 | B109: vrijwilligers events
A110: 4511 | B110: vergoeding reiskosten woon - werk
A111: 4521 | B111: kosten training en opleiding
A112: 4599 | B112: overige kosten vrijwilligers
B115: afschrijvingen
A116: 4601 | B116: afschrijving koel/vries
A117: 4602 | B117: afschrijving inventaris
A118: 4603 | B118: afschrijving IT middelen
A119: 4604 | B119: afschrijving transport middelen
A120: 4605 | B120: afschrijving interne transport middelen
A121: 4606 | B121: afschrijving investeringen aan pand
A122: 4699 | B122: overige afschrijvingen
B125: kosten fondsenwerving
A126: 4701 | B126: evenements kosten
A127: 4702 | B127: kosten payment providers
A128: 4703 | B128: incasso kosten bank
A129: 4799 | B129: overige kosten fondsenwerving
B132: kosten beheer en administratie
A133: 4801 | B133: kosten boekhoudpakket
A134: 4802 | B134: kosten andere software
A135: 4803 | B135: kantoorbenodigdheden
...

Sheet Baten
A1: rekening | B1: BATEN | C1: JAAR -1 | E1: HUIDIG JAAR
C2: begroting | D2: werkelijk | E2: begroting | F2: werkelijk | G2: afwijking | H2: %
B5: Baten uit eigen fondsenwerving
A6: 8001 | B6: ='rekening schema'!B149 -> giften particulieren | G6: =-E6+F6 -> 0 | H6: =G6/E6 -> #DIV/0!
A7: 8011 | B7: ='rekening schema'!B150 -> giften bedrijven | G7: =-E7+F7 -> 0 | H7: =G7/E7 -> #DIV/0!
A8: 8021 | B8: ='rekening schema'!B151 -> giften organisatie zonder winstoogmerk | G8: =-E8+F8 -> 0 | H8: =G8/E8 -> #DIV/0!
A9: 8031 | B9: ='rekening schema'!B152 -> giften kerkelijke instellingen | G9: =-E9+F9 -> 0 | H9: =G9/E9 -> #DIV/0!
A10: 8041 | B10: ='rekening schema'!B153 -> nalatenschappen | G10: =-E10+F10 -> 0 | H10: =G10/E10 -> #DIV/0!
A11: 8051 | B11: ='rekening schema'!B154 -> bijdragen steunfondsen | G11: =-E11+F11 -> 0 | H11: =G11/E11 -> #DIV/0!
A12: 8061 | B12: ='rekening schema'!B155 -> subsidies | G12: =-E12+F12 -> 0 | H12: =G12/E12 -> #DIV/0!
A13: 8071 | B13: ='rekening schema'!B156 -> jaarlijkse bijdrage VBN | G13: =-E13+F13 -> 0 | H13: =G13/E13 -> #DIV/0!
A14: 8072 | B14: ='rekening schema'!B157 -> overige bijdragen VBN | G14: =-E14+F14 -> 0 | H14: =G14/E14 -> #DIV/0!
A15: 8076 | B15: ='rekening schema'!B158 -> giften loterij organisaties
A16: 8081 | B16: ='rekening schema'!B159 -> eigen acties | G16: =-E16+F16 -> 0 | H16: =G16/E16 -> #DIV/0!
A17: 8091 | B17: ='rekening schema'!B160 -> reclame inkomsten | G17: =-E17+F17 -> 0 | H17: =G17/E17 -> #DIV/0!
A18: 8099 | B18: ='rekening schema'!B161 -> overige inkomsten | G18: =-E18+F18 -> 0 | H18: =G18/E18 -> #DIV/0!
B19: Totaal baten uit eigen fondsenwerving | C19: =SUM(C6:C18) -> 0 | D19: =SUM(D6:D18) -> 0 | E19: =SUM(E6:E18) -> 0 | F19: =SUM(F6:F18) -> 0 | G19: =-E19+F19 -> 0 | H19: =G19/E19 -> #DIV/0!
A21: 8200 | B21: ='rekening schema'!B164 -> baten uit gezamenlijke acties | G21: =-E21+F21 -> 0 | H21: =G21/E21 -> #DIV/0!
A23: 8300 | B23: ='rekening schema'!B167 -> baten uit acties van derden | G23: =-E23+F23 -> 0 | H23: =G23/E23 -> #DIV/0!
A25: 8400 | B25: ='rekening schema'!B170 -> financiële baten | G25: =-E25+F25 -> 0 | H25: =G25/E25 -> #DIV/0!
B27: TOTAAL BATEN | C27: =C19+C21+C23+C25 -> 0 | D27: =D19+D21+D23+D25 -> 0 | E27: =E19+E21+E23+E25 -> 0 | F27: =F19+F21+F23+F25 -> 0 | G27: =-E27+F27 -> 0 | H27: =G27/E27 -> #DIV/0!
B29: VOORDELIG SALDO | C29: =IF(C27>Lasten!C92,C27-Lasten!C92,"N.V.T.") -> N.V.T. | D29: =IF(D27>Lasten!D92,D27-Lasten!D92,"N.V.T.") -> N.V.T. | E29: =IF(E27>Lasten!E92,E27-Lasten!E92,"N.V.T.") -> N.V.T. | F29: =IF(F27>Lasten!F92,F27-Lasten!F92,"N.V.T.") -> N.V.T.

Sheet Lasten
A1: rekening | B1: LASTEN | C1: JAAR -1 | E1: HUIDIG JAAR
C2: begroting | D2: werkelijk | E2: begroting | F2: werkelijk | G2: afwijking | H2: %
B4: Algemene kosten
A5: 4001 | B5: ='rekening schema'!B60 -> verzekeringen excl. autoverzekeringen | G5: =-E5+F5 -> 0 | H5: =G5/E5 -> #DIV/0!
A6: 4002 | B6: ='rekening schema'!B61 -> adviseurs- en notariskosten | G6: =-E6+F6 -> 0 | H6: =G6/E6 -> #DIV/0!
A7: 4003 | B7: ='rekening schema'!B62 -> representatiekosten (t.b.v. derden) | G7: =-E7+F7 -> 0 | H7: =G7/E7 -> #DIV/0!
A8: 4004 | B8: ='rekening schema'!B63 -> reiskosten | G8: =-E8+F8 -> 0 | H8: =G8/E8 -> #DIV/0!
A9: 4009 | B9: ='rekening schema'!B64 -> overige algemene kosten | G9: =-E9+F9 -> 0 | H9: =G9/E9 -> #DIV/0!
B10: Totaal algemene kosten | C10: =SUM(C5:C9) -> 0 | D10: =SUM(D5:D9) -> 0 | E10: =SUM(E5:E9) -> 0 | F10: =SUM(F5:F9) -> 0 | G10: =-E10+F10 -> 0 | H10: =G10/E10 -> #DIV/0!
B12: Communicatie kosten
A13: 4050 | B13: ='rekening schema'!B68 -> website | G13: =-E13+F13 -> 0 | H13: =G13/E13 -> #DIV/0!
A14: 4051 | B14: ='rekening schema'!B69 -> drukwerk | G14: =-E14+F14 -> 0 | H14: =G14/E14 -> #DIV/0!
A15: 4052 | B15: ='rekening schema'!B70 -> porto kosten | G15: =-E15+F15 -> 0 | H15: =G15/E15 -> #DIV/0!
A16: 4053 | B16: ='rekening schema'!B71 -> stands/marktkramen | G16: =-E16+F16 -> 0 | H16: =G16/E16 -> #DIV/0!
A17: 4054 | B17: ='rekening schema'!B72 -> PR kosten | G17: =-E17+F17 -> 0 | H17: =G17/E17 -> #DIV/0!
A18: 4059 | B18: ='rekening schema'!B73 -> overige communicatiekosten | G18: =-E18+F18 -> 0 | H18: =G18/E18 -> #DIV/0!
B19: Totaal communicatie kosten | C19: =SUM(C13:C16) -> 0 | D19: =SUM(D13:D16) -> 0 | E19: =SUM(E13:E16) -> 0 | F19: =SUM(F13:F16) -> 0 | G19: =-E19+F19 -> 0 | H19: =G19/E19 -> #DIV/0!
B21: Huisvestingskosten
A22: 4101 | B22: ='rekening schema'!B77 -> huur | G22: =-E22+F22 -> 0 | H22: =G22/E22 -> #DIV/0!
A23: 4102 | B23: ='rekening schema'!B78 -> energie | G23: =-E23+F23 -> 0 | H23: =G23/E23 -> #DIV/0!
A24: 4103 | B24: ='rekening schema'!B79 -> OZB | G24: =-E24+F24 -> 0 | H24: =G24/E24 -> #DIV/0!
A25: 4104 | B25: ='rekening schema'!B80 -> waterschapslaten | G25: =-E25+F25 -> 0 | H25: =G25/E25 -> #DIV/0!
A26: 4105 | B26: ='rekening schema'!B81 -> onderhoudskosten gebouw | G26: =-E26+F26 -> 0 | H26: =G26/E26 -> #DIV/0!
A27: 4106 | B27: ='rekening schema'!B82 -> schoonmaakkosten | G27: =-E27+F27 -> 0 | H27: =G27/E27 -> #DIV/0!
A28: 4107 | B28: ='rekening schema'!B83 -> vuil container | G28: =-E28+F28 -> 0 | H28: =G28/E28 -> #DIV/0!
A29: 4108 | B29: ='rekening schema'!B84 -> kosten beveiliging | G29: =-E29+F29 -> 0 | H29: =G29/E29 -> #DIV/0!
A30: 4199 | B30: ='rekening schema'!B85 -> overige huisvesting kosten | G30: =-E30+F30 -> 0 | H30: =G30/E30 -> #DIV/0!
B31: Totaal huisvestingskosten | C31: =SUM(C22:C30) -> 0 | D31: =SUM(D22:D30) -> 0 | E31: =SUM(E22:E30) -> 0 | F31: =SUM(F22:F30) -> 0 | G31: =-E31+F31 -> 0 | H31: =G31/E31 -> #DIV/0!
B33: Exploitatiekosten
A34: 4201 | B34: ='rekening schema'!B89 -> aankopen gebruiksvoorwerpen < € 450,00 | G34: =-E34+F34 -> 0 | H34: =G34/E34 -> #DIV/0!
A35: 4202 | B35: ='rekening schema'!B90 -> afdracht aan RDC | G35: =-E35+F35 -> 0 | H35: =G35/E35 -> #DIV/0!
A36: 4299 | B36: ='rekening schema'!B91 -> overige exploitatie kosten | G36: =-E36+F36 -> 0 | H36: =G36/E36 -> #DIV/0!
B37: Totaal exploitatie kosten | C37: =SUM(C34:C36) -> 0 | D37: =SUM(D34:D36) -> 0 | E37: =SUM(E34:E36) -> 0 | F37: =SUM(F34:F36) -> 0 | G37: =-E37+F37 -> 0 | H37: =G37/E37 -> #DIV/0!
A39: 4300 | B39: ='rekening schema'!B94 -> kosten aanschaf voedsel | C39: 0 | D39: 0 | E39: 0 | F39: 0 | G39: =-E39+F39 -> 0 | H39: =G39/E39 -> #DIV/0!
B41: Transportkosten
A42: 4401 | B42: ='rekening schema'!B98 -> brandstof kosten | G42: =-E42+F42 -> 0 | H42: =G42/E42 -> #DIV/0!
A43: 4402 | B43: ='rekening schema'!B99 -> onderhoud/reparaties | G43: =-E43+F43 -> 0 | H43: =G43/E43 -> #DIV/0!
A44: 4403 | B44: ='rekening schema'!B100 -> motorrijtuigenbelasting | G44: =-E44+F44 -> 0 | H44: =G44/E44 -> #DIV/0!
A45: 4404 | B45: ='rekening schema'!B101 -> auto verzekeringen | G45: =-E45+F45 -> 0 | H45: =G45/E45 -> #DIV/0!
A46: 4405 | B46: ='rekening schema'!B102 -> auto huur | G46: =-E46+F46 -> 0 | H46: =G46/E46 -> #DIV/0!
A47: 4406 | B47: ='rekening schema'!B103 -> kilometer vergoeding voor operationele handelingen | G47: =-E47+F47 -> 0 | H47: =G47/E47 -> #DIV/0!
A48: 4499 | B48: ='rekening schema'!B104 -> overige transport kosten | G48: =-E48+F48 -> 0 | H48: =G48/E48 -> #DIV/0!
B49: Totaal transportkosten | C49: =SUM(C42:C48) -> 0 | D49: =SUM(D42:D48) -> 0 | E49: =SUM(E42:E48) -> 0 | F49: =SUM(F42:F48) -> 0 | G49: =-E49+F49 -> 0 | H49: =G49/E49 -> #DIV/0!
B51: Kosten vrijwilligers
A52: 4501 | B52: ='rekening schema'!B108 -> Lief en Leed | G52: =-E52+F52 -> 0 | H52: =G52/E52 -> #DIV/0!
A53: 4502 | B53: ='rekening schema'!B109 -> vrijwilligers events | G53: =-E53+F53 -> 0 | H53: =G53/E53 -> #DIV/0!
A54: 4503 | B54: ='rekening schema'!B110 -> vergoeding reiskosten woon - werk | G54: =-E54+F54 -> 0 | H54: =G54/E54 -> #DIV/0!
A55: 4504 | B55: ='rekening schema'!B111 -> kosten training en opleiding | G55: =-E55+F55 -> 0 | H55: =G55/E55 -> #DIV/0!
A56: 4599 | B56: ='rekening schema'!B112 -> overige kosten vrijwilligers | G56: =-E56+F56 -> 0 | H56: =G56/E56 -> #DIV/0!
B57: Totaal kosten vrijwilligers | C57: =SUM(C52:C56) -> 0 | D57: =SUM(D52:D56) -> 0 | E57: =SUM(E52:E56) -> 0 | F57: =SUM(F52:F56) -> 0 | G57: =-E57+F57 -> 0 | H57: =G57/E57 -> #DIV/0!
B59: Afschrijvingen | C59: tzt UIT VASTE ACTIVA EXCEL (IS NOG NIET AF)
A60: 4601 | B60: ='rekening schema'!B116 -> afschrijving koel/vries | G60: =-E60+F60 -> 0 | H60: =G60/E60 -> #DIV/0!
A61: 4602 | B61: ='rekening schema'!B117 -> afschrijving inventaris | G61: =-E61+F61 -> 0 | H61: =G61/E61 -> #DIV/0!
A62: 4603 | B62: ='rekening schema'!B118 -> afschrijving IT middelen | G62: =-E62+F62 -> 0 | H62: =G62/E62 -> #DIV/0!
A63: 4604 | B63: ='rekening schema'!B119 -> afschrijving transport middelen | G63: =-E63+F63 -> 0 | H63: =G63/E63 -> #DIV/0!
A64: 4605 | B64: ='rekening schema'!B120 -> afschrijving interne transport middelen | G64: =-E64+F64 -> 0 | H64: =G64/E64 -> #DIV/0!
A65: 4606 | B65: ='rekening schema'!B121 -> afschrijving investeringen aan pand | G65: =-E65+F65 -> 0 | H65: =G65/E65 -> #DIV/0!
A66: 4699 | B66: ='rekening schema'!B122 -> overige afschrijvingen | G66: =-E66+F66 -> 0 | H66: =G66/E66 -> #DIV/0!
B67: Totaal afschrijvingen | C67: =SUM(C60:C66) -> 0 | D67: =SUM(D60:D66) -> 0 | E67: =SUM(E60:E66) -> 0 | F67: =SUM(F60:F66) -> 0 | G67: =-E67+F67 -> 0 | H67: =G67/E67 -> #DIV/0!
B69: Kosten fondsenwerving
A70: 4701 | B70: ='rekening schema'!B126 -> evenements kosten | G70: =-E70+F70 -> 0 | H70: =G70/E70 -> #DIV/0!
A71: 4702 | B71: ='rekening schema'!B127 -> kosten payment providers | G71: =-E71+F71 -> 0 | H71: =G71/E71 -> #DIV/0!
A72: 4703 | B72: ='rekening schema'!B128 -> incasso kosten bank | G72: =-E72+F72 -> 0 | H72: =G72/E72 -> #DIV/0!
A73: 4799 | B73: ='rekening schema'!B129 -> overige kosten fondsenwerving | G73: =-E73+F73 -> 0 | H73: =G73/E73 -> #DIV/0!
B74: Totaal kosten fondsenwerving | C74: =SUM(C70:C73) -> 0 | D74: =SUM(D70:D73) -> 0 | E74: =SUM(E70:E73) -> 0 | F74: =SUM(F70:F73) -> 0 | G74: =-E74+F74 -> 0 | H74: =G74/E74 -> #DIV/0!
B76: Kosten beheer en administratie
A77: 4801 | B77: ='rekening schema'!B133 -> kosten boekhoudpakket | G77: =-E77+F77 -> 0 | H77: =G77/E77 -> #DIV/0!
A78: 4802 | B78: ='rekening schema'!B134 -> kosten andere software | G78: =-E78+F78 -> 0 | H78: =G78/E78 -> #DIV/0!
A79: 4803 | B79: ='rekening schema'!B135 -> kantoorbenodigdheden | G79: =-E79+F79 -> 0 | H79: =G79/E79 -> #DIV/0!
A80: 4804 | B80: ='rekening schema'!B136 -> kosten telefoon & Internet | G80: =-E80+F80 -> 0 | H80: =G80/E80 -> #DIV/0!
A81: 4805 | B81: ='rekening schema'!B137 -> kosten accountant | G81: =-E81+F81 -> 0 | H81: =G81/E81 -> #DIV/0!
A82: 4806 | B82: ='rekening schema'!B138 -> kosten kascommissie | G82: =-E82+F82 -> 0 | H82: =G82/E82 -> #DIV/0!
A83: 4807 | B83: ='rekening schema'!B139 -> contributies & abonnementen | G83: =-E83+F83 -> 0 | H83: =G83/E83 -> #DIV/0!
A84: 4899 | B84: ='rekening schema'!B140 -> overige kosten beheer en administratie | G84: =-E84+F84 -> 0 | H84: =G84/E84 -> #DIV/0!
B85: Totaal kosten beheer en administratie | C85: =SUM(C76:C84) -> 0 | D85: =SUM(D76:D84) -> 0 | E85: =SUM(E76:E84) -> 0 | F85: =SUM(F76:F84) -> 0 | G85: =-E85+F85 -> 0 | H85: =G85/E85 -> #DIV/0!
B87: Financiële kosten
A88: 4901 | B88: ='rekening schema'!B144 -> betaalde rente | G88: =-E88+F88 -> 0 | H88: =G88/E88 -> #DIV/0!
A89: 4902 | B89: ='rekening schema'!B145 -> bank kosten | G89: =-E89+F89 -> 0 | H89: =G89/E89 -> #DIV/0!
B90: Totaal financiële kosten | C90: =SUM(C88:C89) -> 0 | D90: =SUM(D88:D89) -> 0 | E90: =SUM(E88:E89) -> 0 | F90: =SUM(F88:F89) -> 0 | G90: =-E90+F90 -> 0 | H90: =G90/E90 -> #DIV/0!
B92: TOTAAL LASTEN | C92: =C10+C19+C31+C37+C39+C49+C57+C67+C74+C85+C90 -> 0 | D92: =D10+D19+D31+D37+D39+D49+D57+D67+D74+D85+D90 -> 0 | E92: =E10+E19+E31+E37+E39+E49+E57+E67+E74+E85+E90 -> 0 | F92: =F10+F19+F31+F37+F39+F49+F57+F67+F74+F85+F90 -> 0 | G92: =-E92+F92 -> 0 | H92: =G92/E92 -> #DIV/0!
B94: NADELIG SALDO | C94: =IF(C92>Baten!C27,-C92+Baten!C27,"N.V.T.") -> N.V.T. | D94: =IF(D92>Baten!D27,-D92+Baten!D27,"N.V.T.") -> N.V.T. | E94: =IF(E92>Baten!E27,-E92+Baten!E27,"N.V.T.") -> N.V.T. | F94: =IF(F92>Baten!F27,-F92+Baten!F27,"N.V.T.") -> N.V.T.
B96: besteed aan doelstellingen | C96: =C92-C97-C98 -> 0 | D96: =D92-D97-D98 -> 0 | E96: =E92-E97-E98 -> 0 | F96: =F92-F97-F98 -> 0
B97: kosten beheer en adminstratie | C97: =C90+C85 -> 0 | D97: =D90+D85 -> 0 | E97: =E90+E85 -> 0 | F97: =F90+F85 -> 0
B98: wervingskosten | C98: =C74 -> 0 | D98: =D74 -> 0 | E98: =E74 -> 0 | F98: =F74 -> 0

Sheet Balans
B1: ACTIVA | C1: JAAR -1 | E1: HUIDIG JAAR | I1: PASSIVA | J1: JAAR -1 | L1: HUIDIG JAAR
C2: begroting | D2: werkelijk | E2: begroting | F2: werkelijk | J2: begroting | K2: werkelijk | L2: begroting | M2: werkelijk
B4: Vaste activa | I4: Eigen Vermogen
A5: 10 | B5: Pand in eigendom | H5: 301 | I5: Algemene/ continuïteits reserve
A6: 15 | B6: Investeringen aan pand | H6: 401-405 | I6: Bestemmingsfondsen | K6: ='mutaties BF en BR'!B11 -> 0 | M6: ='mutaties BF en BR'!E11 -> 0
A7: 20 | B7: transportmiddelen (auto etc.) | H7: 501-505 | I7: Bestemmings Reserves | K7: ='mutaties BF en BR'!B23 -> 0 | M7: ='mutaties BF en BR'!E23 -> 0
A8: 25 | B8: interne transportmiddelen | H8: 302 | I8: Nalatenschappen
A9: 30 | B9: koel- en vries apparatuur | H9: 303 | I9: vrije reserve
A10: 50 | B10: inventaris | I10: Totaal eigen vermogen | J10: =SUM(J5:J9) -> 0 | K10: =SUM(K5:K9) -> 0 | L10: =SUM(L5:L9) -> 0 | M10: =SUM(M5:M9) -> 0
A11: 60 | B11: computers / IT middelen
B12: Totaal vaste activa | C12: =SUM(C5:C11) -> 0 | D12: =SUM(D5:D11) -> 0 | E12: =SUM(E5:E11) -> 0 | F12: =SUM(F5:F11) -> 0 | H12: 700 | I12: Voorzieningen | J12: 0 | K12: 0 | L12: 0 | M12: 0
B14: Vlottende activa | H14: 800 | I14: Vreemd vermogen op Lange termijn (> 1 jaar) | J14: 0 | K14: 0 | L14: 0 | M14: 0
A15: 201 | B15: vorderingen
A16: 202+203 | B16: vooruitbetaalde kosten | I16: Kort vreemd vermogen
A17: 204+205 | B17: overige vorderingen | H17: 901 | I17: schulden < 1 jaar
A18: 291-293 | B18: liquide middelen | H18: 902 | I18: crediteuren
B19: Totaal vlottende activa | C19: =-SUM(C15:C18) -> 0 | D19: =-SUM(D15:D18) -> 0 | E19: =-SUM(E15:E18) -> 0 | F19: =-SUM(F15:F18) -> 0 | H19: 950 | I19: vooruitontvangen bedragen
H20: 991 - 994 | I20: overige schulden
I21: Totaal kort vreemd vermogen | J21: =SUM(J17:J20) -> 0 | K21: =SUM(K17:K20) -> 0 | L21: =SUM(L17:L20) -> 0 | M21: =SUM(M17:M20) -> 0
B23: TOTAAL ACTIVA | C23: =C12+C19 -> 0 | D23: =D12+D19 -> 0 | E23: =E12+E19 -> 0 | F23: =F12+F19 -> 0 | I23: TOTAAL PASSIVA | J23: =J10+J12+J14+J21 -> 0 | K23: =K10+K12+K14+K21 -> 0 | L23: =L10+L12+L14+L21 -> 0 | M23: =M10+M12+M14+M21 -> 0
B25: LET OP AFSCHRIJVINGEN WORDEN IN EEN APART SPREADSHEET BEREKEND | I25: CONTROLE ACTIVA = PASSIVA | J25: =IF(C23=J23,"okay","incorrect") -> okay | K25: =IF(D23=K23,"okay","incorrect") -> okay | L25: =IF(E23=L23,"okay","incorrect") -> okay | M25: =IF(F23=M23,"okay","incorrect") -> okay
B26: ALS DIT GEREED IS WORDT EEN NIEUWE VERSIE VAN DIT SPREADSHEET EN DE AFSCHRIJVINGEN SHEET | I26: CONTROLE EIGEN VERMOGEN | M26: =IF((M10-K10)=(Baten!F27-Lasten!F92),"okay","INCORRECT") -> okay
B27: GEPUBLICEERD.

Sheet mutaties BF en BR
B2: jaar -1 | C2: huidig jaar | D2: huidig jaar | E2: huidig jaar
A3: Mutaties Bestemmings Fondsen | B3: beginstand | C3: toevoeging | D3: besteed | E3: eindsaldo
A5: Fonds 1 | E5: =SUM(B5:D5) -> 0
A6: Fonds 2 | E6: =SUM(B6:D6) -> 0
A7: Fonds 3 | E7: =SUM(B7:D7) -> 0
A8: Fonds 4 | E8: =SUM(B8:D8) -> 0
A9: Fonds 5 | E9: =SUM(B9:D9) -> 0
A11: Totaal Bestemmings Fondsen | B11: =SUM(B5:B9) -> 0 | C11: =SUM(C5:C9) -> 0 | D11: =SUM(D5:D9) -> 0 | E11: =SUM(E5:E9) -> 0
B14: jaar -1 | C14: huidig jaar | D14: huidig jaar | E14: huidig jaar
A15: Mutaties Bestemmings Reserves | B15: beginstand | C15: toevoeging | D15: besteed | E15: eindsaldo
A17: Fonds 1 | E17: =SUM(B17:D17) -> 0
A18: Fonds 2 | E18: =SUM(B18:D18) -> 0
A19: Fonds 3 | E19: =SUM(B19:D19) -> 0
A20: Fonds 4 | E20: =SUM(B20:D20) -> 0
A21: Fonds 5 | E21: =SUM(B21:D21) -> 0
A23: Totaal Bestemmings Reserves | B23: =SUM(B17:B21) -> 0 | C23: =SUM(C17:C21) -> 0 | D23: =SUM(D17:D21) -> 0 | E23: =SUM(E17:E21) -> 0
